 Dungeon Crawl Stone Soup version 0.30-a0-43-gbbf338a72c (webtiles) character file.

Game seed: 14553321081834166512

24613 Pilot the Blocker (level 12, -6/126 HPs)
             Began as a Troll Fighter on Aug 26, 2022.
             Was an Initiate of Gozag.
             Mangled by a spriggan rider
             ... wielding a +0 spear
              (11 damage)
             ... on level 2 of the Lair of Beasts on Aug 31, 2022.
             The game lasted 02:10:53 (14758 turns).

Pilot the Blocker (Troll Fighter)                  Turns: 14758, Time: 02:10:54

Health: -6/126     AC: 13    Str: 27    XL:     12   Next: 82%
Magic:  11/11      EV: 11    Int:  4    God:    Gozag
Gold:   1474       SH: 16    Dex: 13    Spells: 11/11 levels left

rFire   . . .      SeeInvis .    w - +3 trident (venom)
rCold   . . .      Faith    .    M - +0 tower shield
rNeg    . . .      Spirit   .    R - +0 storm dragon scales
rPois   +          Reflect  .    (helmet restricted)
rElec   +          Harm     .    C - +0 cloak
rCorr   .          Rampage  .    (gloves unavailable)
Will    .....                    (boots unavailable)
Stlth   ..........               (no amulet)
HPRegen 1.11/turn                l - ring of poison resistance
MPRegen 0.12/turn                Z - +4 ring of evasion

@: studying Staves
A: large, unfitting armour, claws 3, regeneration 1, shaggy fur 1, tough skin 1
a: Renounce Religion, Potion Petition, Call Merchant, Bribe Branch


You were on level 2 of the Lair of Beasts.
You worshipped Gozag.
Gozag was most pleased with you.
You visited 5 branches of the dungeon, and saw 16 of its levels.
You also visited: Ossuary and Bailey.

You collected 2430 gold pieces.
You spent 208 gold pieces at shops.
You paid 748 gold pieces to Gozag.

Inventory:

Hand Weapons
 w - a +3 trident of venom (weapon)
 B - a +3 quarterstaff of chaos
 X - a +1 vorpal shortbow
Missiles
 q - 3 large rocks (quivered)
 y - 9 poisoned darts
 N - a curare-tipped dart
 P - 6 atropa-tipped darts
Armour
 r - +0 steam dragon scales
 C - a +0 cloak (worn)
 K - a +2 robe of willpower
 M - a +0 tower shield (worn)
 R - +0 storm dragon scales (worn)
Jewellery
 d - the ring of the Mackerel {rN+ Str-3 Int+3 SInv}
   (You took it off a deep elf pyromancer in a bailey)

   [ring of positive energy]

   Str:       It affects your strength (-3).
   Int:       It affects your intelligence (+3).
   rN:        It protects you from negative energy.
   SInv:      It lets you see invisible.
 l - a ring of poison resistance (left claw)
 u - a ring of protection from cold
 S - a +6 ring of dexterity
 Z - a +4 ring of evasion (right claw)
Wands
 a - a wand of light (7)
 v - a wand of iceblast (13)
 J - a wand of flame (24)
 U - a wand of charming (3)
Scrolls
 e - 4 scrolls of identify
 f - 4 scrolls of immolation
 k - 3 scrolls of magic mapping
 t - a scroll of noise {unknown}
 x - 4 scrolls of poison
 A - a scroll of enchant armour {unknown}
 F - 2 scrolls of amnesia
 G - a scroll of acquirement {unknown}
 L - a scroll of vulnerability {unknown}
 O - a scroll of fear {unknown}
 T - 2 scrolls of torment
 Y - a scroll of fog {unknown}
Potions
 c - a potion of might
 g - 3 potions of ambrosia {unknown}
 h - a potion of curing
 i - a potion of mutation {unknown}
 j - 2 potions of haste
 m - 2 potions of cancellation {unknown}
 n - 5 potions of attraction
 o - 2 potions of resistance {unknown}
 p - a potion of flight
 s - a potion of berserk rage {unknown}
 z - 3 potions of magic {unknown}
 D - a potion of brilliance {unknown}
 H - a potion of degeneration {unknown}
Miscellaneous
 Q - a condenser vane


   Skills:
 + Level 10.0 Fighting
 * Level 7.9 Polearms
 + Level 10.0 Dodging
 + Level 10.9 Shields
 - Level 2.7 Unarmed Combat


You had 11 spell levels left.
You didn't know any spells.
Your spell library contained the following spells:

 Spells                   Type           Power      Damage    Failure   Level
 Shock                    Conj/Air       0%         1d3       100%        1
 Sting                    Tmut/Pois      0%         1d3       100%        1
 Poisonous Vapours        Pois/Air       0%         N/A       100%        2
 Swiftness                Air            0%         N/A       100%        3
 Airstrike                Air            0%         2d(0-16)  100%        4
 Olgreb's Toxic Radiance  Pois           0%         N/A       100%        4


Dungeon Overview and Level Annotations

Branches:
Dungeon (10/15)            Temple (1/1) D:7            Lair (3/5) D:9
  Swamp (1/4) Lair:2       Spider (1/4) Lair:2          Orc (0/2) D:9
Ossuary (visited)          Bailey (visited)

Altars:
Ashenzari
Cheibriados
Dithmenos
Elyvilon
Fedhas
Gozag
Hepliaklqana
Kikubaaqudgha
Makhleb
Nemelex Xobeh
Okawaru
Qazlal
Ru
Sif Muna
Trog
Uskayaw
Vehumet
Wu Jian
Xom
Yredelemnul
Zin
The Shining One

Shops:
D:2 [   D:8 [   D:9 *


Innate Abilities, Weirdness & Mutations

You are too large for most types of armour.
You have claws for hands.
Your natural rate of healing is unusually fast.
You are covered in fur. (AC +1)
You have tough skin. (AC +1)


Message History

Aim: a spriggan rider, wielding a +0 spear (heavily wounded)
The mass of ice explodes!
The iceblast engulfs the spriggan rider.
The spriggan rider is heavily wounded.
The iceblast engulfs the spriggan rider!!
You kill the spriggan!
The hornet is heavily wounded.
The iceblast engulfs the bunyip!
The bunyip is moderately wounded.
The spriggan rider hits you from afar with a +0 spear!
* * * LOW HITPOINT WARNING * * *
You feel much better. You block the hornet's attack.
You miss the hornet.
The hornet is heavily wounded.
The spriggan rider hits you from afar with a +0 spear!!
* * * LOW HITPOINT WARNING * * *
The hornet is distracted by your dazzling golden aura.
The spriggan rider is distracted by your dazzling golden aura.
The bunyip claws you!!
* * * LOW HITPOINT WARNING * * *
You block the bunyip's attack. x2
The spriggan rider shouts!
The spriggan rider is no longer distracted by gold.
Your extra speed is starting to run out.
The spriggan rider hits you from afar with a +0 spear!
* * * LOW HITPOINT WARNING * * *
You feel better. The hornet barely misses you. You block the hornet's attack.
The swamp worm fires a harpoon shot at you.
You block the harpoon shot. You block the hornet's attack.
The hornet attacks as you move away! You block the hornet's attack.
You feel yourself slow down.
The bunyip howls a warning cry!
The spriggan rider closely misses you. The spriggan rider barely misses you.
The spriggan rider attacks as you move away!
The spriggan rider hits you with a +0 spear!
* * * LOW HITPOINT WARNING * * *
The spriggan rider hits you from afar with a +0 spear!
You die...
Your body crumbles into a pile of gold.

#..............# #####
###.........(..#.# #P..#####
#...............####)......#
##............P####.........
#.............##...........
#...........###.#..........
#...........####...........
#.#.....iy...###........... ###
##.#...wx.@.###............
##.#####........##.##............
#.#.....##.##...##$.............#
#....#######P.#####............##
..#P..# #### #............#
..##### ###..........## ###
##............# #
###.............###
###.......P...P..###.


You could see a bunyip, a spriggan rider, a swamp worm and a hornet.

Vanquished Creatures
  A rakshasa (D:9)
  A centaur warrior (D:9)
  A two-headed ogre (D:5)
  Amaemon (D:8)
  Lodul (D:10)
  2 bog bodies (Lair:2)
  Pikel (D:6)
  An orc knight (Bailey)
  A deep elf pyromancer (Bailey)
  A cyclops (D:9)
  2 black mambas
  An orange demon (D:8)
  2 cane toads
  2 redback zombies (Spider:1)
  A kobold demonologist (D:9)
  A rime drake (Lair:1)
  3 komodo dragons
  A tengu conjurer (D:9)
  2 trolls (D:9)
  3 hornets
  Grinder (D:5)
  3 culicivora zombies (Spider:1)
  3 tarantella zombies (Spider:1)
  8 blink frogs
  Prince Ribbit (D:7)
  2 wraiths
  4 wyverns
  A spriggan (Lair:2)
  23 yaks
  A basilisk (Lair:2)
  2 redbacks (Lair:2)
  A steam dragon (D:9)
  Edmund (D:5)
  Duvessa (D:5)
  9 water moccasins
  An acid dragon (D:9)
  A sky beast (D:8)
  9 orc warriors
  A black bear (D:7)
  9 ogres
  4 centaurs
  3 kobold brigands
  8 bullfrogs
  Blork the orc (D:5)
  A gnoll sergeant (D:8)
  2 necrophages (D:6)
  A scorpion (D:6)
  3 water moccasin zombies (Ossuary)
  Dowan (D:5)
  5 wights (D:7)
  7 killer bees
  2 howler monkeys
  5 hounds
  2 jellies
  14 orc priests
  Crazy Yiuf (D:5)
  9 iguanas
  9 orc wizards
  2 mummies (Ossuary)
  13 gnolls
  7 adders
  3 white imps
  An ufetubus (D:5)
  4 adder zombies (Ossuary)
  2 worms
  3 dart slugs
  39 orcs
  9 endoplasms
  4 giant cockroaches
  9 goblins
  6 hobgoblins
  13 jackals
  13 kobolds
  3 quokkas
  9 ball pythons
  6 bats
  2 frilled lizards (D:1)
  5 gnoll zombies (Ossuary)
  5 hobgoblin zombies (Ossuary)
  8 kobold zombies (Ossuary)
  2 orc zombies (Ossuary)
  7 rats
  2 butterflies (Lair:1)
366 creatures vanquished.

Vanquished Creatures (others)
  2 orc wizards
  14 fungi
  11 plants
27 creatures vanquished.

Grand Total: 393 creatures vanquished

Notes
Turn   | Place    | Note
-------+----------+-------------------------------------------
     0 | D:1      | Pilot the Troll Fighter began the quest for the Orb.
     0 | D:1      | Reached XP level 1. HP: 22/22 MP: 0/0
   103 | D:1      | Reached XP level 2. HP: 27/29 MP: 1/1
   323 | D:1      | Found a faded altar of an unknown god.
   421 | D:1      | Reached XP level 3. HP: 36/36 MP: 2/2
   751 | D:2      | Reached XP level 4. HP: 41/44 MP: 3/3
  1069 | D:2      | Found Ythaigowk's Armour Shoppe.
  1576 | D:3      | Reached XP level 5. HP: 47/53 MP: 4/4
  2036 | D:4      | Reached XP level 6. HP: 46/61 MP: 5/5
  2326 | D:4      | Found a broken altar of Ashenzari.
  2701 | D:5      | Entered Level 5 of the Dungeon
  2755 | D:5      | Upgraded the game from 0.30-a0-29-g142975f185 to
                  | 0.30-a0-34-gbe8da3892a
  2875 | D:5      | Upgraded the game from 0.30-a0-34-gbe8da3892a to
                  | 0.30-a0-43-gbbf338a72c
  2946 | D:5      | Noticed Edmund
  2996 | D:5      | Killed Edmund
  2997 | D:5      | Reached XP level 7. HP: 28/71 MP: 6/6
  3282 | D:5      | Noticed a two-headed ogre
  3357 | D:5      | Noticed Blork the orc
  3365 | D:5      | Killed Blork the orc
  3366 | D:5      | Reached skill level 5 in Shields
  3841 | D:5      | Found a runed translucent door.
  3842 | D:5      | Noticed Crazy Yiuf
  3849 | D:5      | Killed Crazy Yiuf
  4020 | D:5      | HP: 2/71 [two-headed ogre/+0 giant club (10)]
  4038 | D:5      | Killed a two-headed ogre
  4039 | D:5      | Reached skill level 5 in Fighting
  4039 | D:5      | Reached skill level 5 in Dodging
  4039 | D:5      | Reached XP level 8. HP: 25/81 MP: 7/7
  4238 | D:5      | Noticed Grinder
  4246 | D:5      | Paralysed by Grinder for 4 turns
  4260 | D:5      | Paralysed by Grinder for 5 turns
  4263 | D:5      | Killed Grinder
  4379 | D:5      | Noticed Dowan
  4380 | D:5      | Noticed Duvessa
  4388 | D:5      | Killed Duvessa
  4393 | D:5      | Killed Dowan
  4575 | D:6      | Found a sand-covered staircase.
  4588 | D:6      | Reached XP level 9. HP: 81/89 MP: 8/8
  4602 | Ossuary  | Entered an ossuary
  5204 | D:6      | Noticed Pikel
  5223 | D:6      | Killed Pikel
  5421 | D:7      | Noticed Prince Ribbit
  5444 | D:7      | Killed Prince Ribbit
  5724 | D:7      | Reached XP level 10. HP: 68/92 MP: 9/9
  6443 | D:7      | Found a staircase to the Ecumenical Temple.
  6635 | D:8      | Noticed Amaemon
  6644 | D:8      | Noticed an orange demon
  6695 | D:8      | Killed Amaemon
  6770 | D:8      | Killed an orange demon
  6958 | D:8      | Found a flagged portal.
  6972 | Bailey   | Entered a bailey
  7071 | Bailey   | Found a large runed translucent door.
  7071 | Bailey   | Found a large runed translucent door.
  7071 | Bailey   | Noticed a deep elf pyromancer
  7087 | Bailey   | Noticed an orc knight
  7147 | Bailey   | Killed an orc knight
  7151 | Bailey   | Identified the ring of the Mackerel {rN+ Str-3 Int+3 SInv}
  7286 | Bailey   | Killed a deep elf pyromancer
  7287 | Bailey   | Reached skill level 1 in Polearms
  7412 | D:8      | Found Yhexa's Antique Armour Shop.
  7927 | Temple   | Entered the Ecumenical Temple
  8278 | D:9      | Found a staircase to the Orcish Mines.
  8298 | D:9      | Reached XP level 11. HP: 75/113 MP: 10/10
  8321 | D:9      | Found a sacrificial altar of Ru.
  8395 | D:9      | Found an opulent altar of Gozag.
  8395 | D:9      | Found a sparkling altar of Nemelex Xobeh.
  8399 | D:9      | Found a stormy altar of Qazlal.
  8400 | D:9      | Found an ancient bone altar of Kikubaaqudgha.
  8406 | D:9      | Became a worshipper of Gozag Ym Sagoz the Greedy
  8409 | D:9      | Found a glowing golden altar of the Shining One.
  8410 | D:9      | Found a shadowy altar of Dithmenos.
  8414 | D:9      | Found a basalt altar of Yredelemnul.
  8416 | D:9      | Found an ornate altar of the Wu Jian Council.
  8417 | D:9      | Found a white marble altar of Elyvilon.
  8865 | D:9      | Noticed a soul eater
  9157 | D:9      | Found a staircase to the Lair.
  9335 | D:9      | Noticed a centaur warrior
  9337 | D:9      | Noticed a rakshasa
  9344 | D:9      | Killed a centaur warrior
  9643 | D:9      | Identified the +0 leather armour "Eminon" {Slay+5 Stlth+}
  9856 | D:9      | Killed a rakshasa
 10212 | D:9      | Reached skill level 5 in Polearms
 10271 | D:9      | Reached skill level 10 in Shields
 10403 | D:10     | Entered Level 10 of the Dungeon
 10778 | D:10     | Noticed Lodul
 10956 | D:10     | Killed Lodul
 10957 | D:10     | Reached XP level 12. HP: 104/123 MP: 11/11
 11593 | Lair:1   | Entered Level 1 of the Lair of Beasts
 12491 | D:9      | Bought 6 atropa-tipped darts for 64 gold pieces
 12491 | D:9      | Bought a potion of heal wounds for 90 gold pieces
 12491 | D:9      | Bought a potion of curing for 54 gold pieces
 12834 | Lair:2   | Found a hole to the Spider Nest.
 13014 | Lair:2   | Found a staircase to the Swamp.
 13899 | Spider:1 | Entered Level 1 of the Spider Nest
 14040 | Lair:3   | Noticed a four-headed hydra
 14194 | Lair:3   | Reached skill level 10 in Dodging
 14199 | Lair:3   | Reached skill level 10 in Fighting
 14245 | Lair:3   | Noticed a six-headed hydra
 14688 | Swamp:1  | Entered Level 1 of the Swamp
 14688 | Swamp:1  | Noticed a bunyip
 14689 | Swamp:1  | Noticed an alligator
 14749 | Lair:2   | HP: 1/126 [spriggan rider/+0 spear (13)]
 14758 | Lair:2   | HP: 4/126 [spriggan rider/+0 spear (13)]
 14758 | Lair:2   | Mangled by a spriggan rider

Illustrated notes

Levels and vault maps discovered:
D:1:      matt_arrival_diagonals, layout_rooms, serial_corexii_hall,
          corexii_hall_statues_l, corexii_hall_statues_x,
          corexii_hall_statues_l, basic_ecumenical_altar
D:2:      layout_rooms, serial_shops, nicolae_shop_behind_doors
D:3:      layout_basic
D:4:      layout_loops_ring, kennysheep_little_box, serial_aquarium,
          aquarium_bridge_straight [aquarium_subvault_bridge,
          aquarium_subvault_wall, aquarium_subvault_bridge,
          aquarium_subvault_balcony], aquarium_window_corner,
          aquarium_window_double, aquarium_window_3, aquarium_view_2f,
          aquarium_view_2d, aquarium_balcony_1a
D:5:      layout_layer_cave, uniq_edmund, uniq_blork_the_orc, uniq_grinder,
          uniq_duvessa, uniq_crazy_yiuf_cottage
D:6:      layout_rooms, enter_ossuary_3, uniq_pikel
D:7:      layout_loops_corners, minmay_temple_entry_from_below_a,
          uniq_prince_ribbit1
D:8:      layout_basic, serial_shops, kennysheep_mini_moat, enter_bailey_5,
          uniq_amaemon
D:9:      minmay_cornered_nines, layout_long_grid,
          nicolae_overflow_hallway_of_the_gods, david_lair_shrubbed,
          minmay_orc_entry_temple_large, evilmike_minifort
D:10:     layout_long_grid, uniq_lodul
Temple:   grunt_temple_mini_profane
Lair:1:   layout_roguey, nicolae_quartered_pool_impasse, lemuel_fruit_fields,
          grunt_megastairs_5, lemuel_fruit_fields, serial_bayou_shore_b,
          lemuel_fruit_tree, infiniplex_staircase_pool_2, serial_bayou_shore_b
Lair:2:   layout_cave_pods, skrybe_swamp_entry_bodies, spider_nest_entry_a,
          grunt_megastairs_3
Lair:3:   layout_chaotic_city, grunt_megastairs_2, infiniplex_staircase_pool,
          uniq_fannar
Swamp:1:  layout_falls_marsh, nicolae_swamp_ascending_descending
Spider:1: lemuel_spider_zombies, uniq_josephine

Skill      XL: |  1  2  3  4  5  6  7  8  9 10 11 12 |
---------------+-------------------------------------+-----
Shields        | 3 4 6 8 9 10 | 10.9
Fighting       | 3 4 5 6 7 8 9 10 | 10.0
Dodging        | 3 4 5 6 7 8 9 10 | 10.0
Polearms       | 2 5 7 |  7.9
Unarmed Combat | |  2.7

Action                   |  1- 3 |  4- 6 |  7- 9 | 10-12 || total
-------------------------+-------+-------+-------+-------++-------
Melee: Unarmed           |    97 |   130 |       |       ||   227
       Trident           |       |    15 |   358 |   910 ||  1283
Throw: Dart              |       |       |    43 |    51 ||    94
       Large rock        |       |       |       |    13 ||    13
       Throwing net      |       |       |       |     3 ||     3
Invok: Call Merchant     |       |       |       |     1 ||     1
Evoke: Wand              |       |       |    11 |    29 ||    40
       Condenser vane    |       |       |       |     1 ||     1
  Use: Scroll            |       |       |     8 |    16 ||    24
       Potion            |       |       |       |    19 ||    19
 Stab: Sleeping          |     1 |     1 |       |     1 ||     3
       Distracted        |       |       |       |     1 ||     1
Armor: Robe              |    36 |    13 |       |       ||    49
       Steam dragon scal |       |    49 |   108 |    60 ||   217
       Storm dragon scal |       |       |       |   363 ||   363
Dodge: Dodged            |    36 |    60 |   154 |   412 ||   662
Block: Kite shield       |    45 |    73 |   159 |   143 ||   420
       Tower shield      |       |       |       |   820 ||   820

Table legend: (Time is in decaauts)
 A = Elapsed time spent in this place.
 B = Non-inter-level travel time spent in this place.
 C = Inter-level travel time spent in this place.
 D = Time resting spent in this place.
 E = Time spent auto-exploring this place.
 F = Levels seen in this place.
 G = Mean time per level.
                   A        B        C        D        E       F      G
               +--------+--------+--------+--------+--------+-----+--------+
         Total |  15269 |  11208 |   4061 |      0 |   5666 |  18 |  848.3 |
       Dungeon |  11026 |   8223 |   2803 |      0 |   4735 |  10 | 1102.6 |
        Temple |    299 |    162 |    137 |      0 |    159 |   1 |  299.0 |
          Lair |   3111 |   1990 |   1121 |      0 |    772 |   3 | 1037.0 |
         Swamp |      7 |      7 |      0 |      0 |      0 |   1 |    7.0 |
   Spider Nest |    136 |    136 |      0 |      0 |      0 |   1 |  136.0 |
       Ossuary |    302 |    302 |      0 |      0 |      0 |   1 |  302.0 |
        Bailey |    385 |    385 |      0 |      0 |      0 |   1 |  385.0 |
               +--------+--------+--------+--------+--------+-----+--------+

Top non-repeatable levels by time:
     D:9: 2018 daAuts
     D:5: 1913 daAuts
  Lair:2: 1655 daAuts
     D:8: 1355 daAuts
  Lair:1: 1261 daAuts
     D:7: 1208 daAuts
    D:10: 1182 daAuts
     D:4: 906 daAuts
     D:1: 728 daAuts
     D:6: 626 daAuts
     D:3: 608 daAuts
     D:2: 478 daAuts
  Bailey: 385 daAuts
 Ossuary: 302 daAuts
  Temple: 299 daAuts
